Map: Línea Aguablanca EE

Players

Vanfigo - Winner!

  • Race: Terran Terran
  • League: Platinum
  • Spawn Location: 7:00

perroteMayor - Winner!

  • Race: Terran Terran
  • Spawn Location: 7:00

AresSuo - Winner!

  • Race: Terran Terran
  • Spawn Location: 6:00

MrFercho

  • Race: Zerg Zerg
  • League: Gold
  • Spawn Location: 1:00

tigro

  • Race: Terran Terran
  • League: Bronze
  • Spawn Location: 1:00

TATORREA

  • Race: Protoss Protoss
  • League: Gold
  • Spawn Location: 12:00

VOD

Have the link to the VOD?

Description

Time

  • Played on: Aug. 17, 2020, 10:08 p.m.
  • Length: 19:08
Show
View Real Time Build Order
Export as new Build Order

Vanfigo Terran - Winner!

Build Orders:  

Get SALT Encoding   

  12  0:00  SCV  
  13  0:12  SCV  
  14  0:19  Supply Depot  
  14  0:24  SCV  
  15  0:40  SCV  
  15  0:41  Barracks  
  16  0:49  Refinery  
  16  0:53  SCV  
  17  1:08  SCV  
  18  1:20  SCV  
  19  1:28  Marine  
  20  1:38  Command Center  
  20  1:43  Orbital Command  
  20  1:52  Marine  
  21  2:12  SCV  
  22  2:15  Barracks Tech Lab  
  22  2:22  Factory  
  22  2:24  SCV  
  23  2:37  Refinery  
  23  2:43  Supply Depot  
  23  2:49  SCV  
  24  2:58  Marine  
  25  3:00  Stimpack  
  25  3:02  SCV  
  25  3:05  Orbital Command  
  26  3:08  Factory Tech Lab  
  26  3:14  SCV  
  26  3:18  Starport  
  27  3:21  Engineering Bay  
  27  3:26  SCV  
  28  3:27  Marine  
  29  3:40  Siege Tank  
  32  3:46  SCV x2  
  34  3:53  Barracks  
  34  3:56  Terran Infantry Weapons Level 1  
  34  3:57  Barracks  
  34  3:58  SCV x2  
  36  4:03  Refinery  
  36  4:10  Supply Depot, Starport Reactor, SCV  
  37  4:18  SCV  
  37  4:22  SCV  
  37  4:23  Marine, Refinery  
  40  4:30  SCV  
  41  4:34  SCV, Siege Tank  
  45  4:43  SCV  
  46  4:46  SCV  
  46  4:48  Barracks Reactor, Barracks Tech Lab  
  47  4:54  Marine  
  47  4:55  SCV  
  47  4:56  Medivac  
  47  4:58  SCV  
  47  4:59  Medivac  
  54  5:14  Supply Depot  
  54  5:15  Supply Depot  
  54  5:16  Supply Depot  
  54  5:17  Combat Shield  
  54  5:36  SCV x2  
  56  5:50  Marine  
  56  5:51  Marauder x2, Marine  
  56  5:52  Siege Tank  
  65  6:08  Marine x2  
  67  6:12  Marauder, SCV x2  
  67  6:13  Marauder  
  73  6:24  Medivac x2  
  77  6:26  Marine  
  77  6:31  Barracks  
  77  6:32  Barracks  
  78  6:47  Command Center  
  78  7:18  Marine  
  78  7:24  Marine, Siege Tank  
  78  7:25  Marauder  
  77  7:30  Marauder  
  77  7:36  Marine  
  71  7:38  Medivac x2  
  71  7:42  Marine  
  73  7:46  Marauder  
  77  7:51  Marauder  
  77  7:54  Marine  
  78  8:07  Marauder  
  78  8:10  Marine  
  78  8:12  Marine, Siege Tank  
  87  8:13  Marauder  
  75  8:29  Marauder  
  75  8:33  Medivac x2  
  81  8:36  Barracks Tech Lab  
  81  8:43  Factory  
  81  8:48  Orbital Command  
  81  8:49  Factory  
  81  8:50  SCV x2  
  83  9:10  Barracks Reactor  
  83  9:30  Marine x2  
  83  9:31  Marauder x2, Siege Tank  
  91  9:38  Factory Tech Lab x2  
  91  9:46  Marine x2  
  93  9:57  Sensor Tower  
  93  10:13  Supply Depot  
  93  10:15  Supply Depot, Refinery  
  93  10:16  Supply Depot  
  93  10:25  Armory  
  93  10:28  Armory  
  93  10:34  Viking, Marine, Siege Tank  
  93  10:35  Marauder  
  101  10:36  Siege Tank  
  101  10:37  Marauder, Siege Tank  
  101  10:38  Viking, Marauder, Marine x3  
  116  10:45  Refinery  
  116  10:49  SCV  
  117  11:00  Supply Depot  
  117  11:01  Supply Depot  
  117  11:22  Marauder x3, Marine x4, SCV x2  
  128  11:43  Marauder x2  
  132  12:06  Marauder  
  115  12:50  Marine  
  115  12:51  Marauder x3, Marine x3  
  125  12:59  Supply Depot  
  125  13:00  Supply Depot x2  
  125  13:08  Marine x2  
  125  13:09  Marine  
  125  13:12  Marauder  
  132  13:13  Marauder  
  132  13:21  Marauder, Siege Tank x3  
  143  13:53  Siege Tank x2  
  106  14:59  Marine  
  105  15:00  Marauder x3, Marine x3  
  101  15:17  Marine x2  
  101  15:18  Marine x2  
  101  15:21  Marauder  
  101  15:22  Marauder x2  
  101  15:35  Marine x2  
  97  15:36  Marine x2  
  97  15:41  Thor x3  
  116  15:43  Marauder x3  
  116  15:48  Factory  
  118  15:50  Factory  
  118  15:53  Marine x3  
  118  15:54  Marine  
  122  16:04  Marauder, Marine x2  
  122  16:09  Terran Vehicle Weapons Level 1  
  122  16:11  Marine x3  
  125  16:12  Terran Infantry Weapons Level 2, Terran Vehicle And Ship Armor Level 1  
  127  16:23  Thor x3  
  127  16:25  Marine x4  
  149  16:44  Factory Tech Lab x2  
  149  17:00  Command Center  
  149  17:10  Supply Depot  
  149  17:12  Supply Depot  
  149  17:13  Supply Depot  
  149  17:21  Marine  
  149  17:27  Marine  
  149  17:30  Marine x4  
  149  17:31  Thor, Marine  
  149  17:33  Thor x2  
  158  17:39  Marine  
  145  17:45  Marine  
  145  17:48  Marine x2  
  143  18:10  Marine x7  
  148  18:14  Thor  
  148  18:16  Thor x2  
  144  18:42  Marine x2  
  144  18:43  Marauder x2, Marine x2  
Show
View Real Time Build Order
Export as new Build Order

perroteMayor Terran - Winner!

Build Orders:  

Get SALT Encoding   

  12  0:00  SCV  
  13  0:16  Supply Depot  
  13  0:19  SCV  
  14  0:37  SCV  
  14  0:41  Barracks  
  15  0:49  SCV  
  16  1:01  Barracks  
  16  1:29  Marine  
  17  1:35  Barracks  
  17  2:26  Refinery  
  17  2:28  Command Center  
  17  2:29  SCV  
  18  2:40  Supply Depot  
  18  2:44  Marine x2  
  20  3:02  Marine x2  
  22  3:10  SCV  
  23  3:32  Orbital Command  
  23  3:36  Barracks Tech Lab  
  23  3:38  Barracks Reactor  
  23  3:43  Refinery  
  23  4:05  Marine  
  24  4:10  Stimpack  
  24  4:12  Marauder  
  26  4:28  Supply Depot  
  26  4:30  Barracks Reactor, Supply Depot  
  26  4:31  Supply Depot  
  26  4:32  Marine x2  
  28  4:50  Marine x2  
  28  4:52  SCV  
  31  5:04  SCV  
  32  5:08  Marine x2  
  34  5:16  SCV  
  35  5:26  Marine x2  
  37  5:29  SCV  
  38  5:41  SCV  
  39  6:29  Marauder, Marine x3  
  39  6:30  Marine  
  45  6:47  Marine x4  
  45  6:50  Marauder  
  37  7:05  Marine x2  
  39  7:11  Marauder  
  41  7:29  Factory  
  41  7:30  Factory  
  41  7:33  Marauder, Engineering Bay  
  41  7:35  SCV  
  44  7:47  SCV  
  45  7:54  Marauder  
  47  7:59  SCV  
  48  8:11  SCV  
  49  8:16  Marauder  
  51  8:23  SCV  
  52  8:37  Marauder  
  36  9:47  Marine x5  
  36  9:51  Factory Tech Lab  
  41  9:59  Terran Infantry Weapons Level 1  
  41  10:02  Factory Tech Lab  
  41  10:05  Marine x5  
  46  10:20  Siege Tank  
  49  10:22  Siege Tank  
  49  10:24  Marauder  
  54  10:33  Starport  
  54  10:34  Starport  
  54  10:45  Marauder  
  56  11:06  Marauder  
  56  11:10  Starport  
  58  11:12  Starport  
  58  11:28  Marauder  
  60  11:49  Marauder  
  60  11:53  Terran Infantry Armor Level 1  
  52  12:10  Marauder  
  52  12:11  Marine x4  
  55  12:28  Marine  
  55  12:29  Marine x3  
  55  12:32  Marauder  
  57  12:53  Marauder  
  59  13:15  Marauder  
  61  13:36  Marauder  
  63  13:57  Marauder  
  65  14:09  Starport Reactor  
  65  14:10  Starport Reactor  
  65  14:13  Starport Reactor  
  65  14:15  Marine x2  
  65  14:16  Starport Reactor, Marine x2  
  69  14:28  Marauder  
  69  14:33  Marine  
  69  14:35  Marine  
  69  14:37  Marine x2  
  70  15:09  Marine x2  
  70  15:11  Marine  
  70  15:14  Marauder  
  62  15:35  Marauder  
  47  16:43  Viking x2  
  47  16:44  Viking x5  
  61  17:36  Viking  
  61  18:06  Viking  
  61  18:07  Viking  
Show
View Real Time Build Order
Export as new Build Order

AresSuo Terran - Winner!

Build Orders:  

Get SALT Encoding   

  12  0:16  Supply Depot  
  12  0:19  SCV  
  13  0:44  Barracks  
  13  1:30  SCV  
  14  1:38  Barracks  
  14  1:41  Marine  
  14  1:42  SCV  
  16  1:51  Supply Depot  
  16  1:59  Marine  
  17  2:01  Refinery  
  17  2:04  Orbital Command  
  17  2:05  Refinery  
  17  2:28  Supply Depot  
  17  2:37  Command Center  
  17  2:41  SCV  
  18  2:53  SCV  
  20  3:05  SCV  
  20  3:11  Barracks Reactor  
  20  3:14  Barracks Tech Lab  
  20  3:29  SCV  
  20  3:30  Supply Depot  
  21  3:41  SCV  
  23  3:45  Marauder  
  24  3:48  Marine  
  24  3:49  Marine  
  26  3:58  SCV, Refinery  
  27  4:06  Marine x2  
  27  4:07  Marauder  
  27  4:09  SCV  
  32  4:21  SCV x2  
  34  4:31  Marine x2  
  34  4:33  SCV x2  
  38  4:42  Refinery  
  37  4:46  SCV  
  38  4:55  Marine x2  
  38  4:58  SCV  
  38  4:59  Marauder  
  43  5:01  Combat Shield  
  43  5:10  SCV  
  43  5:11  SCV  
  45  5:21  Engineering Bay  
  44  5:22  SCV  
  44  5:23  SCV  
  46  5:34  SCV  
  46  5:35  SCV  
  48  5:46  SCV  
  41  6:08  Supply Depot  
  41  6:28  Marine  
  41  6:29  Marine x2  
  44  6:38  Supply Depot  
  44  6:46  Marine x2  
  44  6:47  Marine  
  46  6:53  Terran Infantry Weapons Level 1  
  47  6:55  Engineering Bay  
  47  7:05  Marauder  
  49  7:20  SCV  
  50  7:26  Marauder  
  52  7:31  Marine x2  
  52  7:32  Factory, SCV  
  55  7:44  SCV  
  54  7:48  Marauder  
  54  7:49  Marine x2  
  54  7:56  SCV  
  55  8:05  Barracks  
  55  8:07  Marine x2  
  55  8:08  SCV  
  55  8:09  Marine  
  59  8:20  SCV  
  59  8:21  Barracks  
  59  8:24  Marine  
  59  8:25  Marine  
  62  8:32  Armory  
  62  8:34  Supply Depot  
  62  8:37  Supply Depot  
  62  8:42  Supply Depot  
  62  8:45  Supply Depot  
  62  8:55  Marine x3  
  62  8:56  SCV  
  66  9:13  Marine x3  
  50  9:31  Marine  
  50  9:35  Barracks Tech Lab  
  50  9:36  Barracks Tech Lab  
  49  9:59  Missile Turret  
  49  10:01  Marauder  
  49  10:02  Marauder x2  
  49  10:05  Concussive Shells  
  55  10:23  Marauder x3  
  61  10:31  Marine  
  61  10:32  Marine  
  63  10:39  Terran Infantry Weapons Level 2  
  63  10:41  Terran Infantry Armor Level 1  
  63  10:44  Marauder x2  
  63  10:45  Marauder  
  63  10:49  Marine x2  
  70  10:50  Starport  
  70  10:53  Starport  
  71  10:58  Starport  
  71  11:02  Missile Turret  
  71  11:03  Orbital Command  
  71  11:06  Marauder x3  
  71  11:07  Marine x2  
  79  11:25  Marine x2  
  80  11:27  Marauder x3  
  87  11:32  Starport Reactor  
  87  11:39  Starport Reactor  
  87  11:42  Starport Reactor  
  87  11:43  Marine x2  
  89  11:48  Marauder  
  89  11:49  Marauder  
  93  11:54  Missile Turret  
  93  12:00  Marine  
  94  12:01  Supply Depot  
  93  12:22  Marauder  
  93  12:23  Marauder x2  
  93  12:28  Marine x2  
  88  12:38  Factory Tech Lab  
  90  12:44  Marauder x3  
  90  12:45  Marine  
  90  12:46  Marine  
  96  13:03  Marine x2  
  96  13:05  Marine x2  
  102  13:06  Marauder  
  102  13:09  Medivac  
  102  13:10  Medivac  
  102  13:12  Medivac  
  102  13:16  Supply Depot  
  102  13:17  Command Center  
  102  13:19  Supply Depot  
  102  13:20  Supply Depot  
  102  13:21  Marine  
  102  13:26  Refinery  
  102  13:38  Medivac x2, Marine x4  
  102  13:41  Medivac x2, Marine  
  115  13:42  Medivac  
  117  13:55  Marine x4  
  117  13:58  Marine  
  95  14:48  Marine x5  
  100  14:57  Supply Depot  
  100  14:59  Terran Infantry Weapons Level 3  
  100  15:00  Terran Infantry Armor Level 2  
  100  15:05  Marine  
  100  15:06  Marine x4  
  103  15:23  Marine x2  
  103  15:24  Marine x3  
  105  15:41  Marine x2  
  107  16:21  Viking x3  
  107  16:22  Viking  
  115  16:34  Refinery  
  115  16:46  Refinery  
Show
View Real Time Build Order
Export as new Build Order

MrFercho Zerg 

Build Orders: Hatch First 

Get SALT Encoding   

  12  0:01  Drone  
  13  0:13  Overlord  
  13  0:18  Drone  
  14  0:33  Drone x2  
  16  0:53  Hatchery  
  16  0:54  Drone  
  16  0:59  Drone  
  17  1:04  Drone  
  18  1:14  Extractor  
  17  1:21  Spawning Pool  
  17  1:22  Drone  
  17  1:24  Drone  
  18  1:29  Drone  
  19  1:46  Drone  
  20  1:53  Overlord  
  20  2:01  Drone  
  20  2:07  Drone  
  22  2:13  Queen x2, Drone  
  27  2:18  Metabolic Boost  
  27  2:20  Drone  
  28  2:25  Drone  
  28  2:27  Overlord  
  29  2:33  Drone  
  30  2:41  Drone  
  30  2:42  Evolution Chamber  
  30  2:44  Overlord  
  30  2:48  Drone  
  31  2:53  Queen  
  31  2:57  Drone  
  34  2:59  Drone  
  35  3:08  Drone  
  35  3:10  Zerg Melee Weapons Level 1  
  35  3:11  Drone  
  37  3:26  Drone x8  
  45  3:41  Baneling Nest  
  44  3:43  Zergling x6  
  47  3:59  Lair  
  47  4:07  Extractor  
  46  4:12  Spore Crawler  
  46  4:15  Drone x2  
  46  4:16  Drone  
  48  4:17  Zergling x8  
  48  4:18  Overlord  
  52  4:25  Hatchery  
  51  4:33  Drone  
  51  4:37  Drone x3  
  55  4:39  Zergling x8  
  59  4:53  Zergling x2  
  59  4:55  Overlord x2  
  60  5:06  Zerg Melee Weapons Level 2  
  60  5:07  Centrifical Hooks  
  60  5:12  Overlord x3  
  60  5:13  Overlord  
  60  5:15  Zergling x6  
  63  5:31  Baneling  
  63  5:32  Baneling x4  
  63  5:33  Zergling x10  
  68  5:48  Zergling x2  
  68  5:49  Zergling x6  
  57  6:08  Drone x5  
  57  6:09  Drone x4  
  57  6:10  Queen  
  68  6:28  Baneling x10  
  68  6:39  Zergling x14  
  70  7:22  Zergling x14  
  64  7:23  Zergling x2  
  64  7:26  Spore Crawler  
  64  7:28  Spine Crawler  
  63  7:35  Queen  
  63  7:42  Zergling x12  
  65  8:13  Hydralisk Den  
  58  8:42  Hydralisk x4  
  58  8:43  Hydralisk x9  
  58  8:47  Hydralisk  
  86  9:04  Hatchery  
  85  9:16  Zergling x12  
  85  9:17  Zergling x2  
  82  9:25  Muscular Augments  
  82  9:36  Overlord x2  
  82  9:37  Overlord  
  82  9:48  Drone  
  82  9:49  Drone x5  
  88  9:56  Overlord  
  88  10:02  Extractor  
  88  10:06  Zergling x6  
  90  10:12  Extractor  
  89  10:16  Zerg Missile Weapons Level 1  
  89  10:19  Spire  
  88  10:31  Drone x4  
  88  10:32  Drone x4  
  88  10:34  Extractor, Queen  
  97  10:36  Extractor, Grooved Spines  
  97  10:39  Spine Crawler  
  95  10:46  Zergling x2  
  95  10:47  Zergling x14  
  103  11:03  Lurker Den  
  102  11:06  Infestation Pit  
  101  11:17  Drone x3  
  101  11:18  Drone x3  
  107  11:26  Nydus Network  
  106  11:35  Overlord x2  
  106  11:36  Overlord x2  
  106  11:48  Baneling  
  106  11:49  Baneling x6  
  106  11:52  Hive  
  70  12:22  Zergling x20  
  70  12:23  Zergling x14  
  77  12:40  Hydralisk x4  
  77  12:42  Corruptor  
  87  12:47  Baneling  
  87  12:48  Baneling x5  
  87  13:00  Zerg Missile Weapons Level 2  
  87  13:05  Evolution Chamber  
  76  13:32  Hydralisk x10  
  93  13:40  Hatchery, Hydralisk x4  
  100  13:41  Extractor  
  100  13:42  Extractor  
  100  13:43  Lurker  
  100  13:47  Lurker  
  101  13:48  Lurker  
  101  13:50  Baneling x10  
  101  13:51  Baneling  
  101  14:03  Seismic Spines  
  60  14:38  Greater Spire  
  51  14:43  Hydralisk x5  
  51  14:44  Hydralisk  
  60  14:55  Zergling x2  
  60  14:56  Zergling x10  
  52  15:31  Nydus Canal  
  52  15:36  Zergling x14  
  52  15:37  Zergling x4  
  60  15:50  Hydralisk x2  
  64  16:12  Hydralisk x6  
  71  16:38  Hydralisk  
  71  16:39  Hydralisk x6  
  85  16:48  Pneumatized Carapace  
  85  16:50  Lurker x2  
  85  16:51  Lurker x2  
  89  16:54  Lurker  
  89  16:55  Lurker  
  89  16:57  Corruptor  
  89  16:58  Corruptor x2  
  86  17:40  Nydus Canal  
  84  18:22  Hydralisk x3  
  84  18:23  Hydralisk x8  
  84  18:25  Corruptor  
  84  18:26  Corruptor x9  
  119  18:38  Corruptor x2  
Show
View Real Time Build Order
Export as new Build Order

tigro Terran 

Build Orders:  

Get SALT Encoding   

  12  0:13  SCV  
  13  0:25  Supply Depot, SCV  
  14  0:38  SCV  
  15  0:47  Supply Depot  
  15  0:50  SCV  
  15  0:54  Barracks  
  16  1:02  Refinery, SCV  
  17  1:14  SCV  
  18  1:26  SCV  
  19  1:33  Refinery  
  19  1:38  SCV  
  20  1:43  Marine  
  21  1:50  SCV  
  22  1:59  Barracks  
  22  2:00  Marine  
  23  2:02  SCV  
  24  2:18  Marine  
  25  2:23  Factory  
  25  2:36  Marine  
  26  2:51  Barracks Reactor  
  26  2:55  Barracks Tech Lab  
  26  2:58  Command Center  
  26  3:10  Factory Tech Lab  
  26  3:13  Engineering Bay  
  26  3:31  Combat Shield  
  26  3:34  Marine x3  
  29  3:45  Orbital Command  
  29  3:51  Marine  
  29  3:52  Marine  
  31  4:10  Siege Tank  
  31  4:12  Refinery  
  34  4:27  SCV  
  35  4:31  SCV  
  36  4:39  SCV  
  36  4:43  SCV  
  38  4:50  Stimpack  
  38  4:51  SCV  
  39  4:55  SCV  
  40  5:03  SCV  
  41  5:15  SCV  
  42  5:27  SCV  
  43  5:39  SCV  
  44  5:52  SCV  
  44  5:53  Starport  
  36  6:07  Marine x3  
  39  6:24  Refinery  
  39  6:25  Marine x3  
  42  6:37  Medivac  
  44  6:43  Marine x3  
  47  7:01  Marine x3  
  48  7:04  Missile Turret  
  53  7:08  Siege Tank  
  53  7:18  Marine  
  53  7:19  Marine x2  
  54  7:26  Missile Turret  
  45  7:35  Medivac  
  45  7:36  Marine x3  
  50  7:40  Siege Tank  
  53  7:46  Missile Turret  
  53  7:54  Marine x3  
  56  8:08  Starport Tech Lab  
  56  8:12  Marine x3  
  59  8:23  Missile Turret  
  59  8:30  Marine  
  60  8:46  Missile Turret  
  60  9:07  Missile Turret  
  60  9:21  SCV  
  61  9:30  Missile Turret  
  61  9:33  SCV  
  62  9:42  Fusion Core  
  62  9:45  Armory  
  62  9:54  Supply Depot  
  62  10:03  Missile Turret  
  62  10:15  Marine x3  
  62  10:16  SCV  
  62  10:17  Supply Depot  
  66  10:25  Missile Turret  
  66  10:28  SCV  
  67  10:33  Marine x3  
  70  10:40  Weapon Refit, SCV  
  71  10:43  Terran Vehicle Weapons Level 1  
  71  10:46  Terran Infantry Weapons Level 1  
  71  10:47  Missile Turret  
  71  10:51  Command Center, Marine x3  
  74  11:04  Refinery  
  74  11:09  Marine x3, Missile Turret  
  77  11:16  Missile Turret  
  77  11:20  Refinery  
  77  11:27  Marine  
  78  11:33  Missile Turret  
  78  11:55  Missile Turret  
  78  12:02  Thor, Marine x3  
  87  12:18  Missile Turret  
  87  12:20  Rapid Reignition System, Marine x3  
  83  12:31  Medivac  
  81  12:37  Terran Vehicle And Ship Armor Level 1  
  81  12:38  Marine x3  
  81  12:40  Terran Infantry Armor Level 1  
  66  12:45  Thor  
  70  12:55  Marine x3  
  73  12:59  SCV  
  73  13:01  Battlecruiser  
  80  13:11  SCV  
  81  13:13  Marine  
  82  13:23  SCV  
  83  13:28  Thor  
  89  13:39  Planetary Fortress  
  89  13:56  Planetary Fortress  
  80  14:05  Battlecruiser  
  79  14:10  Thor  
  83  14:31  Terran Ship Weapons Level 1  
  83  14:34  Neosteel Armor  
  59  14:53  Thor, Marine x3  
  62  15:29  Marine x2  
  61  16:07  Thor, Marine x2  
  61  16:08  Marine, Battlecruiser  
  76  16:14  Hi-Sec Auto Tracking  
  76  16:24  Marine  
  76  16:25  Terran Vehicle Weapons Level 2  
  77  16:37  Supply Depot  
  77  16:59  Thor, Marine x2  
  77  17:00  Supply Depot  
  85  17:22  Marine x3  
  88  17:23  Supply Depot  
  88  17:30  Battlecruiser, Missile Turret  
  91  17:40  Marine x3  
  91  17:43  Thor  
  75  17:47  Supply Depot  
  69  17:57  Marine x3  
  49  18:15  Marine x2  
Show
View Real Time Build Order
Export as new Build Order

TATORREA Protoss 

Build Orders:  

Get SALT Encoding   

  12  0:02  Probe  
  13  0:15  Probe  
  14  0:27  Pylon, Probe  
  15  0:45  Probe  
  16  0:51  Gateway  
  16  0:57  Probe  
  16  1:03  Assimilator  
  17  1:05  Pylon  
  17  1:09  Probe  
  18  1:16  Gateway  
  18  1:21  Probe  
  19  1:28  Assimilator  
  19  1:33  Probe  
  20  1:43  Cybernetics Core  
  20  1:49  Probe (Chrono Boost)  
  21  1:54  Pylon  
  21  2:00  Probe (Chrono Boost)  
  21  2:11  Probe  
  22  2:24  Gateway  
  22  2:25  Gateway  
  22  2:29  Twilight Council  
  22  2:31  Probe  
  22  2:35  Warp Gate  
  23  2:48  Adept x2  
  27  2:58  Resonating Glaives (Chrono Boost)  
  27  3:14  Forge  
  27  3:21  Pylon  
  27  3:24  Pylon  
  27  3:30  Adept x2  
  31  3:37  Adept  
  33  3:43  Adept  
  33  3:46  Protoss Ground Weapons Level 1 (Chrono Boost)  
  35  4:29  Adept x2  
  35  4:30  Adept  
  41  4:44  Nexus  
  41  5:04  Probe  
  42  5:17  Probe  
  31  5:29  Probe  
  32  5:41  Probe  
  27  5:50  Stalker x4  
  27  5:53  Probe  
  27  5:56  Charge, Probe  
  37  5:57  Protoss Ground Weapons Level 2 (Chrono Boost)  
  37  6:05  Probe  
  37  6:08  Probe  
  39  6:17  Probe  
  40  6:18  Stalker  
  40  6:19  Stalker  
  40  6:20  Probe  
  40  6:23  Stalker  
  47  6:29  Probe  
  48  6:33  Probe  
  48  6:35  Assimilator  
  49  6:40  Stalker  
  49  6:41  Assimilator, Probe  
  49  6:45  Probe  
  53  6:53  Shield Battery, Probe  
  54  6:57  Probe  
  55  7:05  Probe  
  55  7:07  Stalker  
  58  7:08  Zealot  
  58  7:09  Probe  
  58  7:10  Zealot  
  58  7:14  Zealot  
  62  7:18  Probe  
  62  7:21  Probe  
  35  7:46  Stalker x2  
  35  7:47  Stalker x2  
  42  8:07  Probe x2  
  40  8:19  Probe  
  29  8:28  Probe  
  29  8:31  Probe  
  31  8:39  Stalker x2  
  31  8:40  Probe  
  36  8:43  Probe  
  37  8:52  Probe  
  37  8:55  Probe  
  39  9:04  Probe  
  39  9:07  Probe  
  39  9:20  Stalker x4  
  39  9:22  Probe  
  38  9:48  Probe (Chrono Boost)  
  38  9:49  Probe (Chrono Boost)  
  42  10:00  Probe x2 (Chrono Boost)  
  42  10:05  Probe x2 (Chrono Boost)  
  40  10:11  Zealot x3  
  40  10:12  Zealot  
  48  10:14  Probe x2  
  50  10:21  Blink (Chrono Boost)  
  50  10:26  Probe x2  
  52  10:33  Stalker  
  52  10:34  Stalker  
  52  10:35  Zealot x2  
  60  10:45  Probe x2  
  60  10:46  Protoss Ground Weapons Level 3 (Chrono Boost)  
  62  11:18  Zealot  
  64  11:21  Zealot  
  65  11:26  Zealot  
  65  11:30  Zealot  
  65  11:32  Nexus  
  69  11:34  Pylon  
  69  11:35  Pylon  
  39  12:09  Zealot x3  
  39  12:10  Zealot  
  47  12:15  Probe x2  
  49  12:27  Probe  
  49  12:28  Probe  
  51  12:34  Zealot x4  
  59  12:40  Probe x2  
  61  12:52  Probe x2  
  61  12:55  Gateway, Probe  
  64  12:58  Gateway  
  64  13:01  Gateway  
  64  13:03  Zealot x2  
  64  13:04  Probe  
  69  13:06  Probe  
  69  13:09  Probe  
  71  13:16  Gateway  
  71  13:17  Probe  
  71  13:18  Probe  
  71  13:19  Gateway  
  73  13:21  Probe  
  73  13:23  Zealot x2  
  73  13:24  Zealot  
  73  13:26  Zealot  
  82  13:33  Protoss Shields Level 1 (Chrono Boost)  
  82  13:35  Assimilator  
  82  13:39  Assimilator  
  82  13:45  Zealot x2  
  82  13:46  Zealot x2  
  90  14:00  Zealot x3  
  88  14:31  Zealot x4  
  90  14:32  Zealot x4  
  90  14:34  Zealot  
  69  14:53  Zealot  
  69  14:54  Zealot x5  
  69  14:55  Zealot x3  
  60  15:16  Zealot x4  
  60  15:17  Zealot x3  
Tags
 
Add a new tag
Caveats
  • Supply blocks, unpowered buildings, or Contaminate may cause inaccurate times.
  • Supply counts are checked every 10 seconds.